 Dungeon Crawl Stone Soup version 0.20-a0-540-ge6d1839 (webtiles) character file.

1075 polly the Shield-Bearer (level 8, 0/48 HPs)
             Began as a Gargoyle Fighter on Jan 29, 2017.
             Slain by an ogre
             ... wielding a +0 giant club
              (13 damage)
             ... on level 4 of the Dungeon.
             The game lasted 00:04:31 (2966 turns).

polly the Shield-Bearer (Gargoyle Fighter)          Turns: 2966, Time: 00:04:31

Health: 0/48       AC: 11    Str: 22    XL:     8   Next: 29%
Magic:  8/8        EV:  9    Int:  9    God:
Gold:   221        SH: 10    Dex:  9    Spells: 7/7 levels left

rFire    . . .     SeeInvis .   a - +0 flail
rCold    + . .     Gourm    .   b - +0 scale mail
rNeg     + . .     Faith    .   c - +0 shield
rPois    ∞         Spirit   .   (no helmet)
rElec    +         Reflect  .   (no cloak)
rCorr    .         Harm     .   (no gloves)
MR       .....                  (no boots)
Stlth    ..........             (no amulet)
Regen    0.2/turn               (no ring)
                                p - ring of ice

@: no status effects
A: slimy green scales 1, deformed body, fire resistance 1, negative energy
resistance 1, electricity resistance, unbreathing, petrification resistance, rot
immunity, AC +5
a: no special abilities


You were on level 4 of the Dungeon.
You were hungry.

You visited 1 branch of the dungeon, and saw 4 of its levels.

You collected 221 gold pieces.

Inventory:

Hand Weapons
 a - a +0 flail (weapon)
Armour
 b - a +0 scale mail (worn)
 c - a +0 shield (worn)
Jewellery
 p - a ring of ice (left hand)
 v - an uncursed ring of ice
Wands
 t - a wand of flame (21/48)
Scrolls
 e - 2 scrolls of enchant weapon {unknown}
 g - 5 scrolls of teleportation {unknown}
 i - 6 scrolls of identify {unknown}
 m - 3 scrolls of remove curse {unknown}
 q - a scroll of recharging {unknown}
 u - a scroll of blinking {unknown}
 y - a scroll of random uselessness {unknown}
 A - 2 scrolls of noise {unknown}
Potions
 d - 2 potions of might
 h - 2 potions of agility {unknown}
 j - 2 potions of mutation
 k - a potion of magic {unknown}
 n - a potion of haste {unknown}
 o - 3 potions of curing
 r - 2 potions of berserk rage {unknown}
 w - a potion of invisibility {unknown}
 z - a potion of heal wounds {unknown}
Books
 s - a book of Changes

   Spells                             Type                      Level
   a - Beastly Appendage              Transmutation                1
   b - Sticks to Snakes               Transmutation                2
   c - Spider Form                    Transmutation/Poison         3
   d - Ice Form                       Ice/Transmutation            4
   e - Blade Hands                    Transmutation                5
Comestibles
 f - 3 bread rations
 l - 2 meat rations
 x - 2 royal jellies


   Skills:
 + Level 4.4 Fighting
 + Level 5.6 Maces & Flails
 + Level 5.0 Armour
 + Level 3.1 Dodging
 + Level 0.5 Stealth
 + Level 6.2 Shields


You had 7 spell levels left.
You didn't know any spells.

Dungeon Overview and Level Annotations

Branches:
Dungeon (4/15)
 Temple: D:4-7

Altars:


Innate Abilities, Weirdness & Mutations

You are resistant to torment.
Your stone body is resilient. (AC +5)
You are immune to poison.
You resist negative energy. (rN+)
You are resistant to electric shocks. (rElec)
You can survive without breathing.
You are immune to petrification.
You are immune to rotting.
You are partially covered in slimy green scales. (AC +2)
Armour fits poorly on your strangely shaped body.
Your flesh is heat resistant. (rF+)


Message History

You are too injured to fight recklessly!
You are too injured to fight recklessly!
You are too injured to fight recklessly!
You are too injured to fight recklessly!
You hit the ogre.
The ogre is moderately wounded.
The ogre hits you with a giant club!
* * * LOW HITPOINT WARNING * * *
You hit the ogre.
The ogre is moderately wounded.
You block the ogre's attack.
You hit the ogre.
The ogre is heavily wounded.
The ogre closely misses you.
You hit the ogre.
The ogre is severely wounded.
You barely miss the ogre.
The ogre is severely wounded.
The ogre hits you with a giant club!
You die...

.##.###### #...# . #.
#...# ## ### #...#
.....####...# #.
.....#...#######
#.##.##.##.......#. #
#..........#####..#
#.#.O#..........##.##
#...@#.##.##.##...##
#.........##.#####.##
##...........#####..#
##.......##.........
#.########.######..
#. #.# ##. .. ... #.
.#. ... #. #. .... #.


You could see an ogre.

Vanquished Creatures
  Pikel (D:4)
  Sigmund (D:4)
  Duvessa (D:4)
  The ghost of Karnivor the Firebug, an amateur GrFE (D:3)
  Dowan (D:4)
  2 orc priests (D:3)
  A worker ant (D:4)
  5 gnolls (D:3)
  4 adders
  2 oozes (D:3)
  3 worms
  A dart slug (D:1)
  2 leopard geckos
  5 orcs (D:3)
  A ball python (D:4)
  9 bats
  2 giant cockroaches
  7 goblins
  7 hobgoblins
  4 jackals (D:1)
  A quokka (D:3)
  6 frilled lizards
  5 kobolds
  8 rats
80 creatures vanquished.

Vanquished Creatures (others)
  A worker ant (D:4)
  An adder (D:4)
2 creatures vanquished.

Grand Total: 82 creatures vanquished

Notes
Turn   | Place    | Note
-------+----------+-------------------------------------------
     0 | D:1      | polly the Gargoyle Fighter began the quest for the Orb.
     0 | D:1      | Reached XP level 1. HP: 14/14 MP: 1/1
   129 | D:1      | Reached XP level 2. HP: 17/19 MP: 2/2
   625 | D:2      | Reached XP level 3. HP: 20/23 MP: 3/3
  1268 | D:3      | Reached skill level 1 in Dodging
  1268 | D:3      | Reached XP level 4. HP: 29/29 MP: 4/4
  1429 | D:3      | Reached skill level 4 in Shields
  1444 | D:3      | Reached XP level 5. HP: 4/33 MP: 5/5
  1446 | D:3      | Gained mutation: Your flesh is heat resistant. (rF+) [potion of mutation]
  1446 | D:3      | Gained mutation: Armour fits poorly on your strangely shaped body. [potion of mutation]
  1446 | D:3      | Gained mutation: You are partially covered in slimy green scales. (AC +2) [potion of mutation]
  1837 | D:3      | Noticed Karnivor's ghost (amateur GrFE)
  1861 | D:3      | Killed Karnivor's ghost
  1861 | D:3      | Reached XP level 6. HP: 15/38 MP: 6/6
  2600 | D:4      | Noticed Sigmund
  2612 | D:4      | Killed Sigmund
  2612 | D:4      | Reached skill level 5 in Shields
  2612 | D:4      | Reached XP level 7. HP: 27/43 MP: 0/7
  2658 | D:4      | Noticed Pikel
  2676 | D:4      | Killed Pikel
  2676 | D:4      | Reached skill level 5 in Maces & Flails
  2676 | D:4      | Reached skill level 5 in Armour
  2676 | D:4      | Reached XP level 8. HP: 24/48 MP: 8/8
  2796 | D:4      | Noticed Duvessa
  2797 | D:4      | Noticed Dowan
  2805 | D:4      | Killed Duvessa
  2805 | D:4      | Reached skill level 6 in Shields
  2819 | D:4      | Killed Dowan
  2966 | D:4      | Slain by an ogre

Vault maps used:
D:1:      dpeg_arrival_tiny_e
D:2:      first_bread
D:3:      minmay_joined_circles
D:4:      cheibriados_altar_1, uniq_sigmund, uniq_pikel, uniq_duvessa

Skill      XL: |  1  2  3  4  5  6  7  8 |
---------------+-------------------------+-----
Dodging        | 1 2 3 |  3.1
Shields        | 4 5 6 |  6.2
Maces & Flails | 3 4 5 |  5.6
Fighting       | 4 |  4.4
Armour         | 4 5 |  5.0
Stealth        | |  0.5

Action                   |  1- 3 |  4- 6 |  7- 9 || total
-------------------------+-------+-------+-------++-------
Melee: Flail             |   179 |   186 |    71 ||   436
  Use: Potion            |       |     2 |     1 ||     3
  Eat: Chunk             |       |     5 |     2 ||     7
Armor: Scale mail        |   142 |   135 |    23 ||   300
Dodge: Dodged            |    60 |    86 |    27 ||   173
Block: Shield            |   129 |   124 |    32 ||   285
